AoeStats
← Cavatappi

Arena

503913552Analyzed
4v4 RM · 1mo ago on Sep 3, 2026· 45m 10s· 8 players
Game mode
Random Map
Map size
Large (8 player)
Population
200
Speed
Normal
Resources
Standard
Victory
Conquest
Starting age
Dark Age
Ending age
Imperial Age
RankedLock teamsTeams togetherTeam positionsShared explorationLock speedFull tech treeHidden civsTurbo modeCheats
Victory
Defeat
🇺🇸 Italians · United States
1746
+10
🇲🇽 Gurjaras · Mexico
1729
+10
🇲🇽 Franks · Mexico
1612
+16
🇨🇴 Saracens · Colombia
1571
+19
🇺🇸 Bohemians · United States
1708
-18
🇺🇸 Franks · United States
1649
-15
🇲🇽 Hindustanis · Mexico
1633
-15
🇺🇸 Japanese · United States
1427
-7
Moris )
11:00 Feudal Age
14:52 Castle Age
13:03 Double-Bit Axe
13:06 Horse Collar
17:41 Loom
24:02 Gold Mining
25:49 Bow Saw
26:46 Wheelbarrow
28:21 Heavy Plow
28:49 Scale Barding Armor
32:12 Imperial Age
30:38 Chain Barding Armor
32:57 Forging
34:29 Husbandry
34:40 Bloodlines
35:14 Hand Cart
34:44 Town Watch
35:21 Heavy Camel Rider
36:13 Bloodlines
37:17 Plate Barding Armor
38:45 Iron Casting
42:08 Light Cavalry
43:19 Gold Mining
43:19 Stone Mining
43:21 Hussar
Water
10:37 Feudal Age
14:42 Castle Age
13:01 Double-Bit Axe
13:38 Horse Collar
13:58 Loom
15:59 Bow Saw
19:11 Pikeman
24:36 Forging
26:51 Iron Casting
28:24 Wheelbarrow
29:19 Fletching
machpatel
9:46 Loom
11:54 Feudal Age
16:27 Castle Age
16:14 Double-Bit Axe
16:09 Horse Collar
18:02 Bow Saw
18:54 Heavy Plow
22:17 Scale Mail Armor
23:46 Chain Mail Armor
25:09 Forging
25:59 Wheelbarrow
29:29 Hand Cart
33:39 Iron Casting
37:30 Imperial Age
35:36 Fletching
35:46 Padded Archer Armor
36:33 Crossbowman
37:19 Thumb Ring
37:20 Bodkin Arrow
37:41 Leather Archer Armor
38:18 Bracer
37:40 Arbalester
38:12 Capped Ram
42:09 Plate Mail Armor
42:34 Ring Archer Armor
44:45 Chemistry
MrWrong
11:46 Feudal Age
13:00 Double-Bit Axe
15:19 Castle Age
14:22 Scale Barding Armor
17:48 Forging
18:21 Chain Barding Armor
17:47 Loom
24:40 Bow Saw
29:03 Wheelbarrow
29:53 Husbandry
30:04 Forging
32:46 Hand Cart
33:41 Gold Mining
36:31 Imperial Age
36:37 Iron Casting
37:51 Plate Barding Armor
36:44 Cavalier
38:25 Blast Furnace
38:17 Paladin
39:20 Conscription
38:46 Pikeman
39:47 Squires
39:27 Halberdier
39:35 Halberdier
40:16 Scale Mail Armor
41:16 Chain Mail Armor
41:23 Squires
43:03 Plate Mail Armor
Cavatappi
8:26 Feudal Age
9:06 Double-Bit Axe
15:06 Fletching
15:16 Padded Archer Armor
22:41 Castle Age
22:44 Gold Mining
23:31 Bodkin Arrow
23:42 Thumb Ring
23:03 Crossbowman
24:15 Ballistics
24:15 Loom
24:39 Horse Collar
26:57 Heavy Plow
27:08 Bow Saw
28:25 Leather Archer Armor
38:36 Fortified Wall
§Y¶# Ä
3:48 Loom
10:05 Feudal Age
15:58 Castle Age
14:23 Double-Bit Axe
14:21 Horse Collar
27:10 Husbandry
29:54 Scale Barding Armor
32:39 Chain Barding Armor
33:37 Forging
41:51 Wheelbarrow
44:08 Imperial Age
42:13 Fortified Wall
42:56 Masonry
43:23 Iron Casting
44:22 Bloodlines
44:33 Heavy Camel Rider
45:50 Plate Barding Armor
EL MAYA
9:41 Feudal Age
10:40 Double-Bit Axe
13:08 Scale Barding Armor
14:23 Forging
21:33 Man-at-Arms
25:16 Castle Age
25:32 Loom
25:24 Long Swordsman
30:47 Arson
33:35 Iron Casting
37:07 Wheelbarrow
38:17 Bow Saw
41:39 Hand Cart
44:35 Gold Mining
48:15 Imperial Age
Ux'LeonzAoe
10:27 Feudal Age
14:14 Castle Age
12:23 Double-Bit Axe
12:41 Horse Collar
15:17 Bow Saw
15:51 Heavy Plow
19:20 Wheelbarrow
20:48 Fervor
22:35 Coinage
23:00 Scale Barding Armor
23:07 Light Cavalry
23:58 Bloodlines
23:57 Husbandry
24:44 Forging
26:47 Iron Casting
26:30 Gold Mining
27:30 Chain Barding Armor
28:06 Loom
28:36 Hand Cart
28:06 Town Watch
32:49 Imperial Age
31:36 Gold Shaft Mining
30:53 Stone Mining
33:03 Elite Mameluke
34:04 Conscription
34:20 Plate Barding Armor
34:46 Blast Furnace
33:30 Capped Ram
35:13 Siege Ram
36:13 Siege Engineers
37:09 Chemistry
36:54 Fletching
38:00 Ballistics
40:39 Banking
44:29 Bodkin Arrow
Connection lost

Rejoining the realm…

Still unreachable

The connection could not be restored.

Session expired

The server has moved on; the page needs a fresh start.